 Dungeon Crawl Stone Soup version 0.27-a0-1324-ge0d8e047f6 (webtiles) character file.

Game seed: 971688764497116618

347 Froggeryz the Cutter (level 6, 0/63 HPs)
             Began as an Octopode Berserker on June 23, 2021.
             Was a Priest of Trog.
             Succumbed to an orc priest's poison
             ... on level 4 of the Dungeon.
             The game lasted 00:03:32 (4417 turns).

Froggeryz the Cutter (Octopode Berserker)           Turns: 4417, Time: 00:03:32

Health: 0/63       AC:  1    Str: 16    XL:     6   Next: 59%
Magic:  6/6        EV: 14    Int:  9    God:    Trog [***...]
Gold:   207        SH:  0    Dex: 14    Spells: 5/5 levels left

rFire    + . .     SeeInvis .   a - +0 short sword
rCold    . . .     Faith    .   (no shield)
rNeg     . . .     Spirit   .   d - +0 hat
rPois    .         Reflect  .   (no amulet)
rElec    .         Harm     .   b - ring of protection from fire
rCorr    .         Rampage  .   (no ring)
Will     .....                  (no ring)
Stlth    ..........             (no ring)
HPRegen  0.20/turn              (no ring)
MPRegen  0.10/turn              (no ring)
                                (no ring)
                                (no ring)

@: berserking (expiring), lethally poisoned (0 -> -6), very quick
A: almost no armour, amphibious, 8 rings, camouflage 1, gelatinous body 1,
(nimble swimmer 1), tentacles
a: Renounce Religion, Berserk, Trog's Hand


You were on level 4 of the Dungeon.
You worshipped Trog.
Trog was most pleased with you.
You visited 1 branch of the dungeon, and saw 4 of its levels.

You collected 207 gold pieces.

Inventory:

Hand Weapons
 a - a +0 short sword (weapon)
Missiles
 m - 4 boomerangs
 n - 5 boomerangs of dispersal
Armour
 d - a +0 hat (worn)
 h - a +0 kite shield
Jewellery
 b - a ring of protection from fire (left tentacle)
Scrolls
 c - a scroll of magic mapping {unknown}
 g - 2 scrolls of teleportation {unknown}
 i - a scroll of vulnerability {unknown}
 l - a scroll of identify {unknown}
 o - a scroll of immolation {unknown}
Potions
 e - a potion of degeneration {unknown}
 f - 3 potions of haste {unknown}
 j - a potion of brilliance {unknown}
 k - a potion of berserk rage {unknown}


   Skills:
 - Level 3.0 Fighting
 * Level 6.0 Short Blades
 - Level 3.0 Dodging
 - Level 3.0 Stealth
 + Level 2.9 Shields


You had 5 spell levels left.
You didn't know any spells.
Your spell library was empty.

Dungeon Overview and Level Annotations

Branches:
Dungeon (4/15)             Temple (0/1) D:4

Altars:

Shops:
D:1 [


Innate Abilities, Weirdness & Mutations

You cannot wear most types of armour.
You are amphibious.
You can wear up to eight rings at the same time.
Your skin changes colour to match your surroundings (Stealth+).
Your rubbery body absorbs attacks. (AC +1, EV +1)
((You are camouflaged near water. (Stealth+)))
You have tentacles for arms and can constrict up to eight enemies at once.


Message History

Pain shoots through your body! Something hits you.
You feel a strong urge to attack something.
The orc shouts!
You hear some strange, mumbled words.
A puff of flame appears from out of thin air!
The puff of flame hits you! You resist. The orc hits you with a +0 club.
You hit the orc priest. Your grab misses the orc priest.
The orc priest is moderately wounded.
The orc priest hits you with a +0 short sword of venom.
You are poisoned.
You puncture the orc priest!
You kill the orc priest!
Trog accepts your kill.
You feel sick. The orc misses you. The orc wizard casts a spell at you.
The magic dart hits you.
* * * LOW HITPOINT WARNING * * *
* * * LOW HITPOINT WARNING * * *
You feel sick. Something hits you but does no damage.
Things that are here:
a +0 short sword of venom; an orc corpse You puncture the orc wizard!
You grab the orc wizard.
The orc wizard is severely wounded.
You constrict the orc wizard.
You feel sick.
You puncture the orc wizard!
You kill the orc wizard!
Trog accepts your kill.
Trog appreciates your killing of a magic user.
You feel sick. Something hits you.
* * * LOW HITPOINT WARNING * * *
Your Short Blades skill increases to level 6!
You miss something.
* * * LOW HITPOINT WARNING * * *
You feel sick.
You hear some strange, mumbled words.
A puff of flame appears from out of thin air!
The puff of flame hits you. You resist.
* * * LOW HITPOINT WARNING * * *
You hit something.
You die...

#####.......#....##.#.#.##.
#...........#...##.#.#.#.##
#.<.........# ##.#.###.#.#
#.....÷.....# ##.#.##.##.#.
#..##.÷.....###.#.##.#.##.#
#+###.......##.#.##.#.#)##.
#....o.##.#.##.#...#.##
#..##o##†#.##.#.##....#
#..##.@##.#.##.#.##.#..
##....{.###.#.##.#.##.#.
#...)...#.##.#.##)#.##.#
#.......#..##.#.##.#.##.
#.......#...##.#.##.#.##
##..###'##...##.#.##.#.#
#..#....#....##.#.##.#.
....#....#.....##.#.##.#
.....#....#....####.#.##.


You could see 2 orcs.

Vanquished Creatures
  A scorpion (D:4)
  A jelly (D:4)
  An orc priest (D:4)
  An iguana (D:4)
  An orc wizard (D:4)
  4 gnolls
  3 adders
  A worm (D:4)
  A dart slug (D:4)
  9 orcs
  5 ball pythons
  6 bats
  4 endoplasms
  4 giant cockroaches
  10 hobgoblins
  15 jackals
  6 quokkas
  5 frilled lizards
  2 goblins
  12 kobolds
  3 rats
95 creatures vanquished.

Notes
Turn   | Place    | Note
-------+----------+-------------------------------------------
     0 | D:1      | Froggeryz the Octopode Berserker began the quest for the
                  | Orb.
     0 | D:1      | Reached XP level 1. HP: 16/16 MP: 1/1
   125 | D:1      | Found Lasomymu's Armour Shoppe.
   256 | D:1      | Reached skill level 1 in Stealth
   336 | D:1      | Reached XP level 2. HP: 21/21 MP: 2/2
   555 | D:1      | Found a faded altar of an unknown god.
   560 | D:1      | Reached ** piety under Trog
   831 | D:2      | Reached XP level 3. HP: 24/26 MP: 3/3
  1098 | D:1      | Reached skill level 4 in Short Blades
  1177 | D:2      | Reached skill level 1 in Shields
  1177 | D:2      | Reached XP level 4. HP: 14/31 MP: 4/4
  2879 | D:3      | Reached XP level 5. HP: 26/36 MP: 5/5
  3244 | D:4      | Reached skill level 5 in Short Blades
  3377 | D:4      | Found a staircase to the Ecumenical Temple.
  3535 | D:4      | Reached *** piety under Trog
  3921 | D:4      | Reached XP level 6. HP: 31/42 MP: 6/6
  4416 | D:4      | Reached skill level 6 in Short Blades
  4416 | D:4      | HP: 1/63 [something/puff of flame (5)]
  4417 | D:4      | Succumbed to an orc priest's poison

Illustrated notes

Levels and vault maps discovered:
D:1:      dpeg_arrival_rooms_b, layout_basic, ebering_ecumenical_altar_hall,
          serial_shops, shop, st_stairs_1, solitary_fountain
D:2:      layout_basic
D:3:      layout_rooms
D:4:      minmay_inner_zag, layout_gridville, minmay_temple_entry_waves

Skill      XL: |  1  2  3  4  5  6 |
---------------+-------------------+-----
Stealth        | 1 2 3 |  3.0
Short Blades   | 4 5 6 |  6.0
Shields        | 1 2 |  2.9
Fighting       | |  3.0
Dodging        | |  3.0

Action                   |  1- 3 |  4- 6 || total
-------------------------+-------+-------++-------
Melee: Short sword       |    60 |   128 ||   188
       Tentacles         |    16 |    31 ||    47
       Constrict         |    15 |    35 ||    50
Invok: Berserk           |     1 |     1 ||     2
 Stab: Sleeping          |     8 |    10 ||    18
       Distracted        |       |     1 ||     1
Armor: Skin              |     7 |    11 ||    18
Dodge: Dodged            |    46 |    82 ||   128

Table legend: (Time is in decaauts)
 A = Elapsed time spent in this place.
 B = Non-inter-level travel time spent in this place.
 C = Inter-level travel time spent in this place.
 D = Time resting spent in this place.
 E = Time spent auto-exploring this place.
 F = Levels seen in this place.
 G = Mean time per level.
                   A        B        C        D        E       F      G
               +--------+--------+--------+--------+--------+-----+--------+
         Total |   4397 |   4291 |    106 |    694 |   3016 |   4 | 1099.2 |
       Dungeon |   4397 |   4291 |    106 |    694 |   3016 |   4 | 1099.2 |
               +--------+--------+--------+--------+--------+-----+--------+

Top non-repeatable levels by time:
     D:2: 1220 daAuts
     D:1: 1109 daAuts
     D:4: 1074 daAuts
     D:3: 992 daAuts
